 Dungeon Crawl Stone Soup version 0.31-a0-236-g9a0961fb85 (webtiles) character file.

Game seed: 16889400329661935605

65 Newt the Shooter (level 4, -2/30 HPs)
             Began as a Kobold Hunter on July 10, 2023.
             Slain by an ice beast (7 damage)
             ... on level 3 of the Dungeon.
             The game lasted 00:01:44 (1591 turns).

Newt the Shooter (Kobold Hunter)                    Turns: 1591, Time: 00:01:45

Health: -2/30      AC:  4    Str:  8    XL:     4   Next: 34%
Magic:  4/4        EV: 14    Int: 10    God:
Gold:   207        SH:  0    Dex: 20    Spells: 3/3 levels left

rFire   . . .        a - +0 shortbow
rCold   . . .        (shield currently unavailable)
rNeg    + . .        c - +0 leather armour
rPois   .            (no helmet)
rElec   .            (no cloak)
rCorr   .            (no gloves)
SInv    .            j - +0 pair of boots
Will    .....        g - amulet of the acrobat
Stlth   ++           i - ring of positive energy
HPRegen 0.25/turn    (no ring)
MPRegen 0.09/turn

%: acrobat
@: silenced, invisible
A: small, no large weapons, nightstalker 3
a: no special abilities


You were on level 3 of the Dungeon.
You visited 1 branch of the dungeon, and saw 3 of its levels.

You collected 207 gold pieces.

Inventory:

Hand Weapons
 a - a +0 shortbow (weapon)
Armour
 c - a +0 leather armour (worn)
 j - a +0 pair of boots (worn)
Jewellery
 g - an amulet of the acrobat (around neck)
 i - a ring of positive energy (left hand)
Scrolls
 b - a scroll of butterflies
 d - 2 scrolls of teleportation
 e - a scroll of revelation
Potions
 h - 2 potions of resistance
 k - 2 potions of enlightenment {unknown}
 l - a potion of brilliance {unknown}
 m - a potion of heal wounds {unknown}


   Skills:
 + Level 4.7 Fighting
 - Level 5.3 Ranged Weapons
 - Level 2.4 Dodging
 - Level 1.3 Stealth


You had 3 spell levels left.
You didn't know any spells.
Your spell library contained the following spells:

 Spells                   Type           Power      Damage    Failure   Level
 Conjure Ball Lightning   Conj/Air       0%         3x3d6     100%        6
 Discord                  Hex            0%         N/A       100%        8
 Disjunction              Tloc           0%         N/A       100%        8


Dungeon Overview and Level Annotations

Branches:
Dungeon (3/15)

Altars:
Zin

Annotations:
D:3 Sigmund


Innate Abilities, Weirdness & Mutations

You are small and have problems with some larger weapons.
You are completely attuned to the shadows.


Message History

Unknown command.
You shoot an arrow. Sigmund closely misses you.
You shoot an arrow. Sigmund closely misses you.
You shoot an arrow. Sigmund misses you.
You shoot an arrow. You shoot an arrow.
You feel less confused.
Sigmund hits you from afar with a +0 scythe.
A frilled lizard comes into view.
You shoot an arrow. The arrow closely misses Sigmund.
The arrow misses the frilled lizard.
Sigmund misses you.
You shoot an arrow. The arrow completely misses Sigmund.
The arrow closely misses the frilled lizard.
An ice beast comes into view.
Sigmund says, "Don't worry, I'll kill you fast."
Sigmund hits you from afar with a +0 scythe.
As you read the scroll labelled QACZEJ FEIFO, it crumbles to dust.
A profound silence engulfs you.
It was a scroll of silence.
Unknown command.
Sigmund completely misses you.
The ice beast hits you but does no damage.
The frilled lizard completely misses you.
Found a stone staircase leading up.
A jackal comes into view.
You shoot an arrow. The arrow hits the ice beast.
The ice beast is moderately wounded.
The ice beast hits you. The ice beast freezes you!
The ice beast barely misses you. The ice beast attacks as you move away!
The ice beast hits you. The ice beast freezes you!
* * * LOW HITPOINT WARNING * * *
The ice beast attacks as you move away! The ice beast closely misses you.
The ice beast attacks as you move away! The ice beast misses you.
You fade into invisibility!
The ice beast hits you but does no damage.
There is a stone staircase leading down here.
The ice beast hits you.
* * * LOW HITPOINT WARNING * * *
The ice beast freezes you!
You die...

..####.##..###....# ##.
....@....####.#### ...
#.##.####.........
#########.##.#
#.##.#####
#.......†..#.## #.##.##
#.##.....†...@###.#...#
..##).........l##.#...#
####...........Y..#.#.#
# #........#...@..(#.#
# #.........<..#####^#
# .#.##... #######
#....... ......# ###.
......# ......# ......#
#######


You could see an ice beast (unable to see you), Sigmund (unable to see you) and
a frilled lizard (wandering, unable to see you).

Vanquished Creatures
  An adder (D:2)
  A worm (D:2)
  2 dart slugs
  2 orcs (D:3)
  4 endoplasms
  2 giant cockroaches
  5 goblins
  5 hobgoblins
  5 jackals
  6 kobolds
  A quokka (D:3)
  3 ball pythons
  A frilled lizard (D:1)
  5 rats
43 creatures vanquished.

Notes
Turn   | Place    | Note
-------+----------+-------------------------------------------
     0 | D:1      | Newt the Kobold Hunter began the quest for the Orb.
     0 | D:1      | Reached XP level 1. HP: 12/12 MP: 1/1
   109 | D:1      | Reached XP level 2. HP: 18/18 MP: 2/2
   322 | D:1      | Found a faded altar of an unknown god.
   402 | D:1      | Reached XP level 3. HP: 23/23 MP: 3/3
  1090 | D:2      | Found a glowing silver altar of Zin.
  1094 | D:2      | Reached XP level 4. HP: 30/30 MP: 4/4
  1564 | D:3      | Noticed Sigmund
  1573 | D:3      | Noticed an ice beast
  1591 | D:3      | Slain by an ice beast

Illustrated notes

Levels and vault maps discovered:
D:1:      mainiacjoe_arrival_reflecting_pool, layout_loops_ring,
          hellmonk_ecumenical_altar_prayer_group
D:2:      layout_rooms, basic_altar
D:3:      layout_basic, uniq_sigmund

Skill      XL: |  1  2  3 |
---------------+----------+-----
Fighting       | 3 4 |  4.7
Ranged Weapons | |  5.3
Dodging        | |  2.4
Stealth        | |  1.3

Action                     |  1- 3 |  4- 6 || total
---------------------------+-------+-------++-------
   Fire: Shortbow          |    73 |    47 ||   120
    Use: Scroll            |     4 |     2 ||     6
         Potion            |       |     1 ||     1
 Armour: Leather armour    |     2 |    11 ||    13
  Dodge: Dodged            |    12 |    32 ||    44

Table legend: (Time is in decaauts)
 A = Elapsed time spent in this place.
 B = Non-inter-level travel time spent in this place.
 C = Inter-level travel time spent in this place.
 D = Time resting spent in this place.
 E = Time spent auto-exploring this place.
 F = Levels seen in this place.
 G = Mean time per level.
                   A        B        C        D        E       F      G
               +--------+--------+--------+--------+--------+-----+--------+
         Total |   1613 |   1523 |     90 |      0 |   1266 |   3 |  537.7 |
       Dungeon |   1613 |   1523 |     90 |      0 |   1266 |   3 |  537.7 |
               +--------+--------+--------+--------+--------+-----+--------+

Top non-repeatable levels by time:
     D:1: 864 daAuts
     D:2: 485 daAuts
     D:3: 262 daAuts
